 Dungeon Crawl Stone Soup version 0.24.0-13-gcf9b319 (webtiles) character file.

Game seed: 10536126197243497388, levelgen mode: deterministic

465 EndlessMike the Poker (level 6, -12/44 HPs)
             Began as a Demonspawn Skald on Apr 6, 2020.
             Mangled by an ice beast (13 damage)
             ... on level 5 of the Dungeon.
             The game lasted 00:06:01 (4019 turns).

EndlessMike the Poker (Demonspawn Skald)            Turns: 4019, Time: 00:06:03

Health: -12/44     AC:  9    Str: 13    XL:     6   Next: 80%
Magic:  9/9        EV:  9    Int: 15    God:
Gold:   286        SH:  0    Dex: 12    Spells: 8/9 levels left

rFire    . . .     SeeInvis .   b - +0 halberd
rCold    . . .     Gourm    .   (shield currently unavailable)
rNeg     + . .     Faith    .   o - +0 scale mail
rPois    +         Spirit   .   (helmet restricted)
rElec    .         Reflect  .   u - +0 cloak
rCorr    .         Harm     .   (no gloves)
MR       .....                  (no boots)
Stlth    ..........             (no amulet)
HPRegen  0.14/turn              g - ring of poison resistance
MPRegen  0.11/turn              j - ring of positive energy

@: no status effects
A: horns 1, icy blue scales 1, spiny 2
a: no special abilities


You were on level 5 of the Dungeon.
You were not hungry.

You visited 1 branch of the dungeon, and saw 5 of its levels.

You collected 286 gold pieces.

Inventory:

Hand Weapons
 a - a +0 spear
 b - a +0 halberd (weapon)
Missiles
 w - 4 throwing nets (quivered)
Armour
 e - a +0 leather armour
 o - a +0 scale mail (worn)
 u - a +0 cloak (worn)
Jewellery
 g - a ring of poison resistance (left hand)
 j - a ring of positive energy (right hand)
 n - an uncursed ring of wizardry {unknown}
 q - an uncursed ring of protection from cold
Scrolls
 c - 2 scrolls of teleportation {unknown}
 f - a scroll of fear {unknown}
 i - a scroll of blinking {unknown}
 k - 5 scrolls of remove curse {unknown}
 l - 3 scrolls of identify {unknown}
 m - a scroll of enchant weapon {unknown}
 r - a scroll of magic mapping {unknown}
 s - 3 scrolls of enchant armour {unknown}
 v - a scroll of immolation {unknown}
Potions
 h - 2 potions of curing
 p - 2 potions of heal wounds {unknown}
 t - a potion of experience {unknown}
 x - a potion of haste {unknown}
Comestibles
 d - 7 rations


   Skills:
 - Level 2.0 Fighting
 + Level 6.8 Polearms
 - Level 0.8 Armour
 - Level 1.7 Dodging
 - Level 2.0 Spellcasting
 - Level 2.6 Charms


You had 8 spell levels left.
You knew the following spells:

 Your Spells              Type           Power        Failure   Level  Hunger
a - Infusion              Chrm           #...         34%         1    #......

Your spell library contained the following spells:

 Spells                   Type           Power        Failure   Level  Hunger
 Song of Slaying          Chrm           #.......     47%         2    ###....
 Shroud of Golubria       Chrm/Tloc      #.....       67%         2    ###....
 Beastly Appendage        Tmut           #.....       71%         1    #......
 Sticks to Snakes         Tmut           #.......     85%         2    ###....
 Regeneration             Chrm/Necr      #.........   88%         3    ###....
 Spectral Weapon          Hex/Chrm       #.......     88%         3    ###....
 Spider Form              Tmut/Pois      #.........   97%         3    ###....
 Ice Form                 Ice/Tmut       #.......     100%        4    #####..
 Blade Hands              Tmut           #.........   100%        5    ######.


Dungeon Overview and Level Annotations

Branches:
Dungeon (5/15)
 Temple: D:4-7

Altars:
Cheibriados
Fedhas
Hepliaklqana
Kikubaaqudgha
Ru
Sif Muna
Vehumet
Yredelemnul
Zin
The Shining One


Innate Abilities, Weirdness & Mutations

You have a pair of small horns on your head.
You are partially covered in icy blue scales. (AC +2)
You are mostly covered in sharp spines.


Message History

You barely miss the ice beast.
The ice beast is severely wounded.
The ice beast barely misses you.
You closely miss the ice beast.
The ice beast is severely wounded.
The ice beast is struck by your spines. The ice beast barely misses you.
The ice beast hits you. The ice beast freezes you!
You closely miss the ice beast.
The ice beast is almost dead.
The ice beast hits you.
* * * LOW HITPOINT WARNING * * *
The ice beast freezes you!
* * * LOW HITPOINT WARNING * * *
Your scale mail prevents you from hitting the ice beast.
You headbutt the ice beast, but do no damage.
The ice beast is almost dead.
The ice beast hits you.
* * * LOW HITPOINT WARNING * * *
The ice beast freezes you!
You die...

#.....##..(##
#........#.#
#.....#.##.#
#.....#.>#.#
#.....##...###
#.....##.....#
########.###..#
#.# #.# #@# .#
#Y# . #g# ##
.g# %.. ..## ..
...


You could see an ice beast and 2 gnolls.

Vanquished Creatures
  A scorpion (D:5)
  A howler monkey (D:4)
  A bullfrog zombie (D:5)
  A hound (D:3)
  A centaur zombie (D:5)
  A bullfrog skeleton (D:4)
  3 worker ants
  5 gnolls
  An adder (D:4)
  3 oozes
  3 worms
  2 leopard geckos
  4 orcs (D:3)
  A ball python (D:4)
  2 giant cockroaches
  13 goblins
  13 hobgoblins
  9 jackals
  9 kobolds
  5 quokkas
  11 bats
  5 frilled lizards
  5 rats
100 creatures vanquished.

Notes
Turn   | Place    | Note
-------+----------+-------------------------------------------
     0 | D:1      | EndlessMike the Demonspawn Skald began the quest for the
                  | Orb.
     0 | D:1      | Reached XP level 1. HP: 16/16 MP: 3/3
    81 | D:1      | Reached skill level 2 in Polearms
   129 | D:1      | Gained mutation: You have a pair of small horns on your
                  | head. [demonic ancestry]
   129 | D:1      | Reached XP level 2. HP: 17/22 MP: 5/5
   441 | D:1      | Reached skill level 3 in Polearms
   761 | D:2      | Gained mutation: You are partially covered in sharp spines.
                  | [demonic ancestry]
   761 | D:2      | Reached XP level 3. HP: 25/27 MP: 6/6
   951 | D:2      | Found a glowing silver altar of Zin.
  1073 | D:2      | Found a hazy altar of Hepliaklqana.
  1073 | D:2      | Found a sacrificial altar of Ru.
  1079 | D:2      | Found a radiant altar of Vehumet.
  1081 | D:2      | Found a snail-covered altar of Cheibriados.
  1082 | D:2      | Found a glowing golden altar of the Shining One.
  1750 | D:3      | Found a shimmering blue altar of Sif Muna.
  1863 | D:3      | Reached skill level 4 in Polearms
  1863 | D:3      | Gained mutation: You are mostly covered in sharp spines.
                  | [demonic ancestry]
  1863 | D:3      | Reached XP level 4. HP: 23/33 MP: 7/7
  2149 | D:3      | Noticed Robin
  2173 | D:3      | Found an ancient bone altar of Kikubaaqudgha.
  2173 | D:3      | Found a blossoming altar of Fedhas.
  2363 | D:3      | Gained mutation: You are partially covered in icy blue
                  | scales. (AC +2) [demonic ancestry]
  2363 | D:3      | Reached XP level 5. HP: 29/38 MP: 8/8
  2485 | D:3      | Found a basalt altar of Yredelemnul.
  2623 | D:3      | Reached skill level 5 in Polearms
  3012 | D:4      | Reached XP level 6. HP: 35/44 MP: 9/9
  3018 | D:4      | Reached skill level 6 in Polearms
  3713 | D:5      | Entered Level 5 of the Dungeon
  4005 | D:5      | Noticed an ice beast
  4019 | D:5      | HP: 1/44 [ice beast (2)]
  4019 | D:5      | Mangled by an ice beast

Levels and vault maps discovered:
D:1:      dpeg_arrival_solitude, layout_rooms, serial_bayou_lagoon_b
D:2:      layout_loops_corners, lemuel_crystal_altar,
          chequers_temple_overflow_minitemple, minmay_pentomino_u2
D:3:      layout_basic, grunt_temple_overflow_growth_and_decay,
          lemuel_doored_altar, nicolae_overflow_hidden_temple, led_sif_pool,
          uniq_robin
D:4:      layout_basic, first_ration
D:5:      layout_rooms, minmay_manual_macuahuitl

Skill      XL: |  1  2  3  4  5  6 |
---------------+-------------------+-----
Polearms       | 2 3 4 5 6 |  6.8
Fighting       | |  2.0
Armour         | |  0.8
Dodging        | |  1.7
Spellcasting   | |  2.0
Charms         | |  2.6

Action                   |  1- 3 |  4- 6 || total
-------------------------+-------+-------++-------
Melee: Spear             |   178 |     7 ||   185
       Headbutt          |    14 |    13 ||    27
       Halberd           |       |   112 ||   112
  Use: Potion            |     1 |     2 ||     3
 Stab: Sleeping          |     1 |       ||     1
  Eat: Chunk             |     3 |     5 ||     8
       Ration            |       |     1 ||     1
Armor: Leather armour    |    36 |       ||    36
       Skin              |     5 |     5 ||    10
       Scale mail        |     2 |    40 ||    42
Dodge: Dodged            |    76 |    37 ||   113
